 Dungeon Crawl Stone Soup version 0.30-a0-142-g7370640ec8 (webtiles) character file.

Game seed: 15544592765712233368

264 qw the Chopper (level 6, -15/38 HPs)
             Began as a Gargoyle Fighter on Sept 26, 2022.
             Killed from afar by a steam dragon (23 damage)
             ... with a ball of steam
             ... on level 5 of the Dungeon.
             The game lasted 00:01:18 (3193 turns).

qw the Chopper (Gargoyle Fighter)                   Turns: 3193, Time: 00:01:18

Health: -15/38     AC: 18    Str: 21    XL:     6   Next: 19%
Magic:  6/6        EV:  6    Int:  9    God:
Gold:   262        SH:  4    Dex: 11    Spells: 5/5 levels left

rFire   . . .      SeeInvis .    Y - +0 war axe
rCold   . . .      Faith    .    c - +0 buckler
rNeg    + . .      Spirit   .    j - +0 plate armour
rPois   inf        Reflect  .    m - +0 helmet
rElec   +          Harm     .    l - +0 cloak
rCorr   .          Rampage  .    (no gloves)
Will    .....                    (no boots)
Stlth   ..........               (no amulet)
HPRegen 0.00/turn                (no ring)
MPRegen 0.10/turn                (no ring)

@: inhibited regen
A: sickness immunity, AC +4, negative energy resistance 1, electricity
resistance, torment resistance 1, petrification resistance, thin skeletal
structure 1, inhibited regeneration
a: no special abilities


You were on level 5 of the Dungeon.
You visited 1 branch of the dungeon, and saw 5 of its levels.

You collected 262 gold pieces.


Innate Abilities, Weirdness & Mutations

You are immune to sickness and miasma.
Your stone body is resilient. (AC +4)
You are immune to poison.
You resist negative energy. (rN+)
You are resistant to electric shocks. (rElec)
You are resistant to unholy torment.
You are immune to petrification.
You have a somewhat thin skeletal structure. (Dex +2, Stealth+)
You do not regenerate when monsters are visible.


   Skills:
 + Level 3.9 Fighting
 - Level 5.3 Axes
 - Level 3.2 Armour
 - Level 0.8 Dodging
 - Level 3.2 Shields


You had 5 spell levels left.
You didn't know any spells.
Your spell library was empty.

Inventory:

Hand Weapons
 g - a +0 flail
 Y - a +0 war axe (weapon)
Armour
 c - a +0 buckler (worn)
 j - a +0 plate armour (worn)
 l - a +0 cloak (worn)
 m - a +0 helmet (worn)
Scrolls
 a - 2 scrolls of identify
 h - a scroll of teleportation
Potions
 b - a potion of curing
 d - 5 potions of might
 i - a potion of haste
 k - a potion of lignification

Dungeon Overview and Level Annotations

Branches:
Dungeon (6/15)
 Temple: D:4-7

Altars:


Message History

Existing waypoints: (1) D:6 (2) D:3 Assign waypoint to what number? (0-9, D - delete waypoint) Waypoint 2 re-assigned from D:3 to D:5.
You closely miss the steam dragon.
You feel a little less clever now. The steam dragon breathes steam at you.
The ball of steam misses you.
You barely miss the steam dragon.
You are engulfed in a cloud of scalding steam.
The steam dragon bites you but does no damage.
The steam dragon claws you but does no damage.
You hit the steam dragon.
The steam dragon is lightly wounded.
You are engulfed in a cloud of scalding steam.
The steam dragon barely misses you.
The steam dragon claws you but does no damage.
You completely miss the steam dragon.
The steam dragon is lightly wounded.
You block the steam dragon's attack.
The steam dragon claws you but does no damage.
The steam dragon bites you but does no damage.
The steam dragon claws you but does no damage.
You barely miss the steam dragon.
The steam dragon is lightly wounded.
The steam dragon breathes steam at you. The ball of steam hits you!!
You barely miss the steam dragon.
The steam dragon is lightly wounded.
You are engulfed in a cloud of scalding steam.
The steam dragon bites you but does no damage.
The steam dragon closely misses you.
You hit the steam dragon.
The steam dragon is lightly wounded.
The steam dragon bites you but does no damage.
The steam dragon claws you. The steam dragon breathes steam at you.
The ball of steam hits you!!
Ouch! That really hurt!
You die...

###############
.........?....
#......>....
#>.....#
#..###.# #..@#
#.#D.# #.##.#
#.. .. ... ...
... ...# ...
.... .....


You could see a steam dragon (catching breath).

Vanquished Creatures
  A bullfrog (D:6)
  A jelly (D:6)
  Robin (D:3)
  A gnoll (D:1)
  5 adders
  A white imp (D:6)
  A worm (D:3)
  5 dart slugs
  An orc (D:2)
  8 ball pythons
  6 endoplasms
  3 giant cockroaches
  16 goblins
  7 hobgoblins
  4 jackals (D:2)
  2 quokkas
  6 bats
  3 frilled lizards
  9 kobolds
  4 rats
85 creatures vanquished.

Vanquished Creatures (others)
  9 plants
9 creatures vanquished.

Grand Total: 94 creatures vanquished

Notes
Turn   | Place    | Note
-------+----------+-------------------------------------------
     0 | D:1      | qw the Gargoyle Fighter began the quest for the Orb.
     0 | D:1      | Reached XP level 1. HP: 14/14 MP: 1/1
     0 | D:1      | 0 ||| qw: Version: 0.2-a-10-g399e6c4
     0 | D:1      | 0 ||| qw: Game counter: 454
     0 | D:1      | 0 ||| qw: Always use a shield: true
     0 | D:1      | 0 ||| qw: God list: Okawaru
     0 | D:1      | 0 ||| qw: Allow faded altars: false
     0 | D:1      | 0 ||| qw: Do Orc after D:15 true
     0 | D:1      | 0 ||| qw: Do second Lair branch before Depths: true
     0 | D:1      | 0 ||| qw: Lair rune preference: random
     0 | D:1      | 0 ||| qw: Plans: Normal, Zot:1-4, God:TSO, Crypt, Tomb,
                  | Pan, Slime:5, Hells, Abyss, Orb
     0 | D:1      | 0 ||| PLANNING D:1-11
   108 | D:1      | Reached skill level 2 in Axes
   205 | D:1      | 205 ||| DROPPING +0 club.
   217 | D:1      | Reached XP level 2. HP: 19/19 MP: 2/2
   255 | D:1      | 255 ||| Stepping ~*~*~tactically~*~*~ (stealth).
   257 | D:1      | 257 ||| Stepping ~*~*~tactically~*~*~ (stealth).
   553 | D:1      | Found a faded altar of an unknown god.
   565 | D:1      | Reached skill level 3 in Axes
   565 | D:1      | Reached XP level 3. HP: 23/23 MP: 3/3
   767 | D:1      | 767 ||| READING scroll labelled OXU MIRAY.
   768 | D:1      | 768 ||| READING scroll labelled SYEDOHAMPY.
   769 | D:1      | 769 ||| READING scroll labelled KORPHUMPIDU.
   770 | D:1      | 770 ||| READING scroll labelled QIAGUELUST.
   771 | D:1      | 771 ||| DRINKING 2 sapphire potions.
   771 | D:1      | Gained mutation: Armour fits poorly on your strangely
                  | shaped body. [potion of mutation]
   771 | D:1      | Gained mutation: You have sharp toenails. [potion of
                  | mutation]
   772 | D:1      | 772 ||| DRINKING potion of mutation.
   772 | D:1      | Lost mutation: You have sharp toenails. [potion of
                  | mutation]
   772 | D:1      | Lost mutation: Armour fits poorly on your strangely shaped
                  | body. [potion of mutation]
   772 | D:1      | Gained mutation: You do not regenerate when monsters are
                  | visible. [potion of mutation]
   772 | D:1      | Gained mutation: You have a somewhat thin skeletal
                  | structure. (Dex +2, Stealth+) [potion of mutation]
   811 | D:2      | 811 ||| Stepping ~*~*~tactically~*~*~ (stealth).
   813 | D:2      | 813 ||| Stepping ~*~*~tactically~*~*~ (hiding).
  1026 | D:2      | Identified the +3 trident "Rappoc" {freeze, Contam rElec
                  | rN+ SInv}
  1043 | D:2      | 1043 ||| Stepping ~*~*~tactically~*~*~ (stealth).
  1184 | D:2      | Reached XP level 4. HP: 16/28 MP: 4/4
  1266 | D:2      | 1266 ||| FLEEEEING.
  1267 | D:2      | 1267 ||| FLEEEEING.
  1297 | D:2      | 1297 ||| Stepping ~*~*~tactically~*~*~ (stealth).
  1329 | D:2      | 1329 ||| FLEEEEING.
  1332 | D:2      | 1332 ||| Stepping ~*~*~tactically~*~*~ (hiding).
  1409 | D:2      | 1409 ||| Stepping ~*~*~tactically~*~*~ (stealth).
  1471 | D:2      | 1471 ||| Stepping ~*~*~tactically~*~*~ (water).
  1479 | D:2      | Reached skill level 4 in Axes
  1848 | D:2      | 1848 ||| UPGRADING to +0 plate armour.
  1858 | D:2      | 1858 ||| DROPPING +0 scale mail.
  1859 | D:2      | 1859 ||| UPGRADING to +0 cloak.
  1864 | D:2      | 1864 ||| READING 2 scrolls labelled EXUSU GA ZIE.
  1865 | D:2      | 1865 ||| READING 2 scrolls labelled TIUTI QYIMAPP.
  1869 | D:2      | 1869 ||| READING 2 scrolls of identify.
  1869 | D:2      | 1869 ||| IDENTIFYING fuming coppery potion
  1870 | D:2      | 1870 ||| DROPPING potion of ambrosia.
  1871 | D:2      | 1871 ||| DROPPING scroll of summoning.
  2234 | D:3      | Reached XP level 5. HP: 25/32 MP: 5/5
  2623 | D:3      | 2623 ||| Stepping ~*~*~tactically~*~*~ (stealth).
  2624 | D:3      | Noticed Robin
  2625 | D:3      | 2625 ||| Stepping ~*~*~tactically~*~*~ (stealth).
  2627 | D:3      | 2627 ||| Stepping ~*~*~tactically~*~*~ (hiding).
  2639 | D:3      | Killed Robin
  2709 | D:3      | You fall into a shaft and drop 3 floors!
  2738 | D:6      | 2738 ||| Stepping ~*~*~tactically~*~*~ (stealth).
  2745 | D:6      | Reached skill level 5 in Axes
  2747 | D:6      | Reached XP level 6. HP: 26/37 MP: 6/6
  3140 | D:6      | 3140 ||| UPGRADING to +0 helmet.
  3145 | D:6      | 3145 ||| DROPPING ring of flight.
  3146 | D:6      | 3146 ||| DRINKING 2 pink potions.
  3147 | D:6      | 3147 ||| DRINKING 3 green potions.
  3148 | D:6      | 3148 ||| DRINKING 2 murky puce potions.
  3177 | D:6      | 3177 ||| READING 3 scrolls of identify.
  3177 | D:6      | 3177 ||| IDENTIFYING bubbling ruby potion
  3178 | D:6      | 3178 ||| DROPPING 2 potions of brilliance.
  3184 | D:5      | Entered Level 5 of the Dungeon
  3184 | D:5      | Noticed a steam dragon
  3193 | D:5      | HP: 8/38 [steam dragon (2)]
  3193 | D:5      | Killed from afar by a steam dragon

Levels and vault maps discovered:
D:1:      dpeg_arrival_pond, layout_loops_ring,
          shapermc_ecumenical_altar_mp_ritualfount
D:2:      layout_basic, chequers_big_river
D:3:      minmay_chambers_of_twos, layout_basic, uniq_robin
D:5:      layout_basic
D:6:      layout_basic, uniq_maggie

Skill      XL: |  1  2  3  4  5 |
---------------+----------------+-----
Axes           | 2 3 4 5 |  5.3
Fighting       | |  3.9
Armour         | |  3.2
Dodging        | |  0.8
Shields        | |  3.2

Action                   |  1- 3 |  4- 6 || total
-------------------------+-------+-------++-------
Melee: War axe           |    99 |   179 ||   278
  Use: Scroll            |     4 |     4 ||     8
       Potion            |     2 |     3 ||     5
Armor: Scale mail        |    57 |    17 ||    74
       Plate armour      |       |   103 ||   103
Dodge: Dodged            |    41 |    65 ||   106
Block: Buckler           |    17 |    36 ||    53

Table legend:
 A = Non-vault XP
 B = Vault XP
 C = Vault XP percentage of total XP
 D = Non-vault monster count
 E = Vault monster count
 F = Vault count percentage of total count
                 A         B        C        D         E       F
            +---------+---------+-------+---------+---------+-------
      Total |     317 |      61 |  16.1 |      64 |      21 |  24.7
            +---------+---------+-------+---------+---------+-------
        D:1 |      37 |       0 |   0.0 |      14 |       0 |   0.0
        D:2 |      88 |       0 |   0.0 |      32 |       0 |   0.0
        D:3 |      39 |      61 |  61.0 |      14 |      21 |  60.0
        D:6 |     153 |       0 |   0.0 |       4 |       0 |   0.0
            +---------+---------+-------+---------+---------+-------
